 Dungeon Crawl Stone Soup version 0.20.2-3-g29329e0561 (webtiles) character file.

215 Alfie the Covered (level 5, -3/47 HPs)
             Began as a Hill Orc Fighter on Aug 31, 2023.
             Killed by nerve-wracking pain
             ... invoked by Grinder
              (12 damage)
             ... on level 3 of the Dungeon.
             The game lasted 00:04:44 (1596 turns).

Alfie the Covered (Hill Orc Fighter)                Turns: 1596, Time: 00:04:45

Health: -3/47      AC:  7    Str: 20    XL:     5   Next: 92%
Magic:  5/5        EV:  7    Int:  8    God:
Gold:   91         SH:  9    Dex: 10    Spells: 4/4 levels left

rFire    . . .     SeeInvis .   a - +0 rapier
rCold    . . .     Gourm    .   c - +0 shield
rNeg     . . .     Faith    .   b - +0 scale mail
rPois    .         Spirit   .   (no helmet)
rElec    .         Reflect  .   (no cloak)
rCorr    .         Harm     .   (no gloves)
MR       .....                  (no boots)
Stlth    ..........             (no amulet)
Regen    0.2/turn               (no ring)
MPRegen  0.1/turn               (no ring)

@: no status effects
A: no striking features
a: no special abilities


You were on level 3 of the Dungeon.
You were hungry.

You visited 1 branch of the dungeon, and saw 3 of its levels.

You collected 91 gold pieces.

Inventory:

Hand Weapons
 a - a +0 rapier (weapon)
Armour
 b - a +0 scale mail (worn)
 c - a +0 shield (worn)
Scrolls
 g - a scroll of teleportation {unknown}
 h - a scroll of remove curse
 j - 2 scrolls of fog
 p - a scroll of immolation {unknown}
 q - a scroll of magic mapping {unknown}
Potions
 d - a potion of magic {unknown}
 e - 2 potions of mutation {unknown}
 i - a potion of curing {unknown}
 k - a potion of brilliance {unknown}
 l - a potion of invisibility {unknown}
 n - 2 potions of agility {unknown}
Comestibles
 f - 4 bread rations
 m - 2 meat rations
 o - 6 fruits


   Skills:
 + Level 4.4 Fighting
 + Level 3.6 Short Blades
 + Level 4.5 Armour
 + Level 0.7 Dodging
 + Level 4.4 Shields


You had 4 spell levels left.
You didn't know any spells.

Dungeon Overview and Level Annotations

Branches:
Dungeon (3/15)

Altars:
The Shining One

Annotations:
D:3 Grinder


Message History

You hit Grinder.
Grinder is lightly wounded.
Grinder hits you!
* * * LOW HITPOINT WARNING * * *
You writhe in agony.
* * * LOW HITPOINT WARNING * * *
You hit Grinder.
Grinder is lightly wounded.
Grinder hits you but does no damage.
You closely miss Grinder.
Grinder is lightly wounded.
Grinder gestures at you. You resist with significant effort.
You hit Grinder.
Grinder is lightly wounded.
Grinder says, "I used to sell toenails on the black market."
Grinder hits you but does no damage. Grinder gestures at you.
Pain shoots through your body!
You die...

#.#####...........
#.# ############
#.# #.# #.# #####
#.# .....
#######.# #####
#.....<.#
#.#####@#
#5#######
#†....... ...####
#...##### #.....
#...# ###### ....#
#...# #>..# .....


You could see Grinder.

Vanquished Creatures
  The ghost of Alfie the Skirmisher, an amateur HOFi (D:3)
  Terence (D:3)
  3 adders
  2 worms
  2 dart slugs
  A leopard gecko (D:2)
  5 bats
  4 giant cockroaches
  6 goblins
  6 hobgoblins
  13 jackals
  A ball python (D:1)
  2 frilled lizards (D:2)
  11 kobolds
  4 rats
62 creatures vanquished.

Notes
Turn   | Place    | Note
-------+----------+-------------------------------------------
     0 | D:1      | Alfie the Hill Orc Fighter began the quest for the Orb.
     0 | D:1      | Reached XP level 1. HP: 19/19 MP: 1/1
    80 | D:1      | Reached XP level 2. HP: 9/27 MP: 2/2
   412 | D:1      | Reached XP level 3. HP: 33/33 MP: 3/3
   930 | D:2      | Found a glowing golden altar of the Shining One.
  1207 | D:2      | Reached XP level 4. HP: 33/40 MP: 4/4
  1398 | D:3      | Noticed Alfie's ghost (amateur HOFi)
  1416 | D:3      | Killed Alfie's ghost
  1416 | D:3      | Reached XP level 5. HP: 16/47 MP: 5/5
  1561 | D:3      | Noticed Terence
  1572 | D:3      | Noticed Grinder
  1584 | D:3      | Killed Terence
  1596 | D:3      | Killed from afar by Grinder

Skill      XL: |  1  2  3  4 |
---------------+-------------+-----
Fighting       | 4 |  4.4
Short Blades   | 3 |  3.6
Armour         | 4 |  4.5
Shields        | 4 |  4.4
Dodging        | |  0.7

Action                   |  1- 3 |  4- 6 || total
-------------------------+-------+-------++-------
Melee: Rapier            |   173 |    95 ||   268
  Use: Scroll            |       |     2 ||     2
       Potion            |       |     1 ||     1
  Eat: Royal jelly       |     1 |       ||     1
Armor: Scale mail        |    88 |    39 ||   127
Dodge: Dodged            |    53 |    19 ||    72
Block: Shield            |    90 |    49 ||   139
